 Dungeon Crawl Stone Soup version 0.23.2-33-g5129a83184 (webtiles) character file.

Game seed: 6936534471823206355

88 Aesthetico the Chiller (level 4, -1/32 HPs)
             Began as a Gnoll Ice Elementalist on July 19, 2019.
             Killed by divine providence
             ... invoked by an orc priest
              (11 damage)
             ... on level 4 of the Dungeon.
             The game lasted 00:08:05 (2590 turns).

Aesthetico the Chiller (Gnoll Ice Elementalist)     Turns: 2590, Time: 00:08:06

Health: -1/32      AC:  3    Str: 11    XL:     4   Next: 54%
Magic:  11/11      EV: 15    Int: 18    God:
Gold:   157        SH:  0    Dex: 15    Spells: 12/13 levels left

rFire    . . .     SeeInvis .   g - +3 dagger (venom)
rCold    . . .     Gourm    .   (no shield)
rNeg     . . .     Faith    .   d - +1 robe
rPois    .         Spirit   .   (no helmet)
rElec    .         Reflect  .   (no cloak)
rCorr    .         Harm     .   (no gloves)
MR       .....                  (no boots)
Stlth    +++.......             (no amulet)
HPRegen  0.10/turn              (no ring)
MPRegen  0.12/turn              (no ring)

@: flying
A: distributed training, fangs 1, strong nose
a: no special abilities


You were on level 4 of the Dungeon.
You were very hungry.

You visited 1 branch of the dungeon, and saw 4 of its levels.

You collected 157 gold pieces.

Inventory:

Hand Weapons
 g - a +3 dagger of venom (weapon)
Missiles
 b - 8 poisoned needles
Armour
 d - a +1 robe (worn)
 o - a +0 buckler
Jewellery
 f - a cursed -3 ring of dexterity {unknown}
Scrolls
 h - 2 scrolls of identify
Potions
 p - a potion of curing
Comestibles
 c - 5 rations


   Skills:
 + Level 1.1 Fighting
 + Level 1.1 Short Blades
 + Level 1.1 Long Blades
 + Level 1.1 Axes
 + Level 1.1 Maces & Flails
 + Level 1.1 Polearms
 + Level 1.1 Staves
 + Level 1.1 Slings
 + Level 1.1 Bows
 + Level 1.1 Crossbows
 + Level 1.1 Throwing
 + Level 1.1 Armour
 + Level 4.6 Dodging
 + Level 4.2 Stealth
 + Level 1.1 Shields
 + Level 1.1 Unarmed Combat
 + Level 5.1 Spellcasting
 + Level 2.2 Conjurations
 + Level 0.9 Hexes
 + Level 0.9 Charms
 + Level 0.9 Summonings
 + Level 0.9 Necromancy
 + Level 0.9 Translocations
 + Level 0.9 Transmutations
 + Level 0.9 Fire Magic
 + Level 5.4 Ice Magic
 + Level 0.9 Air Magic
 + Level 0.9 Earth Magic
 + Level 0.9 Poison Magic
 + Level 1.2 Invocations
 + Level 1.1 Evocations


You had 12 spell levels left.
You knew the following spells:

 Your Spells              Type           Power        Failure   Level  Hunger
a - Freeze                Ice            ###.         1%          1    None

Your spell library contained the following spells:

 Spells                   Type           Power        Failure   Level  Hunger
 Throw Frost              Conj/Ice       ###...       4%          2    #......
 Ozocubu's Armour         Chrm/Ice       ###.....     11%         3    ##.....
 Throw Icicle             Conj/Ice       ###.....     26%         4    ####...
 Summon Ice Beast         Ice/Summ       ###.....     34%         4    ####...


Dungeon Overview and Level Annotations

Branches:
Dungeon (4/15)
 Temple: D:4-7

Altars:
Wu Jian
Xom

Annotations:
D:3 Sigmund
D:4 Eustachio


Innate Abilities, Weirdness & Mutations

Your experience applies equally to all skills.
You have very sharp teeth.
Your uncanny sense of smell can sniff out nearby items.


Message History

The hound bites you. The hound bites you but does no damage.
The leopard gecko skeleton bites you.
You hit the leopard gecko skeleton.
The leopard gecko skeleton is moderately damaged.
The hound closely misses you.
Eustachio mumbles some strange words.
Eustachio blinks!
The leopard gecko skeleton misses you.
You hit the leopard gecko skeleton.
The leopard gecko skeleton is heavily damaged.
The hound barely misses you.
You barely miss the leopard gecko skeleton.
The leopard gecko skeleton is heavily damaged.
The hound bites you. The leopard gecko skeleton misses you.
The hound bites you but does no damage.
You hit the leopard gecko skeleton.
You destroy the leopard gecko skeleton!
The hound bites you but does no damage.
The orc priest invokes the aid of Beogh against you.
Beogh smites you!
You die...

..# ....... #.!#
....... #..# .......
#..###.....#
#..#......##
##h........#
###So.........
#@hooo<@......
.......######.....%.
.....## ....... ###.
ยง...... # ###..!.
..@. ... ##


You could see Eustachio, 2 hounds, 2 orc priests, an adder and 2 orcs.

Vanquished Creatures
  Natasha (D:3)
  An adder (D:2)
  A dart slug (D:2)
  An orc (D:3)
  8 bats
  3 giant cockroaches (D:2)
  7 goblins
  9 hobgoblins
  6 kobolds
  2 quokkas (D:2)
  A leopard gecko skeleton (D:4)
  5 rats
45 creatures vanquished.

Notes
Turn   | Place    | Note
-------+----------+-------------------------------------------
     0 | D:1      | Aesthetico the Gnoll Ice Elementalist began the quest for
                  | the Orb.
     0 | D:1      | Reached XP level 1. HP: 13/13 MP: 6/6
   462 | D:1      | Reached XP level 2. HP: 19/19 MP: 5/7
  1155 | D:2      | Reached skill level 5 in Spellcasting
  1155 | D:2      | Reached XP level 3. HP: 25/25 MP: 7/9
  1409 | D:2      | Reached skill level 1 in Invocations
  1645 | D:2      | Found an ornate altar of the Wu Jian Council.
  1645 | D:2      | Found a shimmering altar of Xom.
  1746 | D:3      | Reached skill level 1 in Fighting
  1746 | D:3      | Reached skill level 1 in Short Blades
  1746 | D:3      | Reached skill level 1 in Long Blades
  1746 | D:3      | Reached skill level 1 in Axes
  1746 | D:3      | Reached skill level 1 in Maces & Flails
  1746 | D:3      | Reached skill level 1 in Polearms
  1746 | D:3      | Reached skill level 1 in Staves
  1746 | D:3      | Reached skill level 1 in Slings
  1746 | D:3      | Reached skill level 1 in Bows
  1746 | D:3      | Reached skill level 1 in Crossbows
  1746 | D:3      | Reached skill level 1 in Throwing
  1746 | D:3      | Reached skill level 1 in Armour
  1746 | D:3      | Reached skill level 1 in Shields
  1746 | D:3      | Reached skill level 1 in Unarmed Combat
  1746 | D:3      | Reached skill level 1 in Evocations
  2050 | D:3      | Reached XP level 4. HP: 32/32 MP: 11/11
  2072 | D:3      | Noticed Natasha
  2082 | D:3      | Killed Natasha
  2540 | D:3      | Noticed Sigmund
  2573 | D:4      | Noticed Eustachio
  2590 | D:4      | Killed from afar by an orc priest

Skill      XL: |  1  2  3 |
---------------+----------+-----
Conjurations   | 2 |  2.2
Spellcasting   | 5 |  5.1
Invocations    | 1 |  1.2
Fighting       | 1 |  1.1
Short Blades   | 1 |  1.1
Long Blades    | 1 |  1.1
Axes           | 1 |  1.1
Maces & Flails | 1 |  1.1
Polearms       | 1 |  1.1
Staves         | 1 |  1.1
Slings         | 1 |  1.1
Bows           | 1 |  1.1
Crossbows      | 1 |  1.1
Throwing       | 1 |  1.1
Armour         | 1 |  1.1
Shields        | 1 |  1.1
Unarmed Combat | 1 |  1.1
Evocations     | 1 |  1.1
Dodging        | |  4.6
Stealth        | |  4.2
Hexes          | |  0.9
Charms         | |  0.9
Summonings     | |  0.9
Necromancy     | |  0.9
Translocations | |  0.9
Transmutations | |  0.9
Fire Magic     | |  0.9
Ice Magic      | |  5.4
Air Magic      | |  0.9
Earth Magic    | |  0.9
Poison Magic   | |  0.9

Action                   |  1- 3 |  4- 6 || total
-------------------------+-------+-------++-------
Melee: Dagger            |    50 |    16 ||    66
       Unarmed           |     2 |       ||     2
       Bite              |     3 |       ||     3
 Cast: Freeze            |    21 |     3 ||    24
  Use: Scroll            |     4 |     9 ||    13
       Potion            |       |     3 ||     3
 Stab: Sleeping          |     8 |     2 ||    10
  Eat: Chunk             |     3 |     1 ||     4
Armor: Robe              |    10 |     4 ||    14
Dodge: Dodged            |    47 |    21 ||    68
